 Dungeon Crawl Stone Soup version 0.19.4 (webtiles) character file.

436 Naow the Conjurer (level 6, 0/32 HPs)
             Began as a Deep Elf Conjurer on Jan 30, 2017.
             Slain by a worker ant (4 damage)
             ... on level 5 of the Dungeon.
             The game lasted 00:07:25 (4492 turns).

Naow the Conjurer (Deep Elf Conjurer)               Turns: 4492, Time: 00:07:26

Health: 0/32       AC:  2    Str:  5    XL:     6   Next: 69%
Magic:  0/16       EV: 13    Int: 22    God:
Gold:   185        SH:  0    Dex: 15    Spells: 2 memorised, 13 levels left

rFire  . . .     SeeInvis .     (no weapon)
rCold  . . .     Gourm    .     a - +0 robe
rNeg   . . .     Faith    .     (no shield)
rPois  .         Spirit   .     (no helmet)
rElec  .         Reflect  .     (no cloak)
rCorr  .         Harm     .     (no gloves)
MR     .....                    (no boots)
Stlth  ++........               (no amulet)
                                (no ring)
                                (no ring)

@: lethally poisoned (0 -> -5), flying
A: no striking features
a: no special abilities


You were on level 5 of the Dungeon.
You were not hungry.

You visited 1 branch of the dungeon, and saw 5 of its levels.

You collected 185 gold pieces.

Inventory:

Armour
 a - a +0 robe (worn)
Wands
 w - a wand of acid (6/15)
Scrolls
 d - 8 scrolls of identify {unknown}
 e - 2 scrolls of recharging {unknown}
 g - 5 scrolls of remove curse {unknown}
 o - a scroll of random uselessness {unknown}
 p - a scroll of enchant weapon {unknown}
 q - a scroll of magic mapping {unknown}
 r - 3 scrolls of teleportation {unknown}
 s - a scroll of amnesia {unknown}
 t - a scroll of noise {unknown}
 y - a scroll of fog {unknown}
 A - a scroll of enchant armour {unknown}
 C - a scroll of immolation {unknown}
Potions
 h - a potion of agility
 i - a potion of berserk rage
 j - a potion of heal wounds {unknown}
 l - a potion of cure mutation
 m - a potion of flight
 u - a potion of degeneration {unknown}
 z - 2 potions of ambrosia {unknown}
 B - a potion of brilliance {unknown}
 D - a potion of haste {unknown}
Books
 b - a book of Conjurations

   Spells                             Type                      Level
   a - Magic Dart                     Conjuration                  1
   b - Searing Ray                    Conjuration                  2
   c - Dazzling Spray                 Conjuration/Hexes            3
   d - Fulminant Prism                Conjuration/Hexes            4
   e - Iskenderun's Mystic Blast      Conjuration                  4
   f - Iskenderun's Battlesphere      Conjuration/Charms           5
Comestibles
 c - 4 bread rations
 k - a beef jerky
 n - a slice of pizza
 v - a royal jelly
 x - 3 fruits
 E - 2 chunks of flesh


   Skills:
 - Level 2.4 Dodging
 - Level 2.4 Stealth
 + Level 5.8 Spellcasting
 * Level 7.8 Conjurations


You had 13 spell levels left.
You knew the following spells:

 Your Spells              Type           Power        Failure   Level  Hunger
a - Magic Dart            Conj           ####         1%          1    None
b - Searing Ray           Conj           #####.       1%          2    None


Dungeon Overview and Level Annotations

Branches:
Dungeon (5/15)
 Temple: D:4-7

Altars:
Elyvilon
Nemelex Xobeh
Uskayaw


Message History

The worker ant waves its antennae.
The worker ant barely misses you.
Casting: Magic Dart
Confirm with . or Enter, or press ? or * to list all spells.
Aiming: Magic Dart
Press: ? - help, Shift-Dir - straight line, f/p - worker ant
Aim: a worker ant (almost dead)
The magic dart hits the worker ant.
The worker ant is almost dead.
The worker ant bites you.
* * * LOW HITPOINT WARNING * * *
It was a potion of cure mutation.
It has a very clean taste.
You feel sick. The worker ant bites you.
* * * LOW HITPOINT WARNING * * *
You are lethally poisoned!
The worker ant poisons you!
It was a potion of flight.
You feel very buoyant.
You fly up into the air.
The worker ant bites you.
You die...

..# #####.#######
#...#.#.....#
#.#.#.#.###.#
#.#.#.#...#.#
#.###.#####.#
#...........#
#######.######.####.#..
#.....#.#.@.#.<........
#.###.#.#.#a#.[[###.#.
#.#.).#)#.#.#..........
#.#####[###.#.>........
#...........#...###.#..
#############.... #
...... .......
###.#..##


You could see a worker ant.

Vanquished Creatures
  A howler monkey (D:4)
  A crimson imp (D:4)
  A bullfrog zombie (D:5)
  3 hounds (D:4)
  2 orc wizards
  2 worker ants
  3 adders
  An ooze (D:3)
  3 worms
  2 dart slugs (D:1)
  5 leopard geckos
  10 orcs
  2 ball pythons (D:1)
  7 bats
  9 goblins
  9 hobgoblins
  3 jackals (D:1)
  7 frilled lizards
  11 kobolds
  A leopard gecko zombie (D:5)
  A quokka skeleton (D:3)
  3 rats
87 creatures vanquished.

Notes
Turn   | Place    | Note
-------+----------+-------------------------------------------
     0 | D:1      | Naow the Deep Elf Conjurer began the quest for the Orb.
     0 | D:1      | Reached XP level 1. HP: 10/10 MP: 6/6
    98 | D:1      | Reached XP level 2. HP: 4/15 MP: 0/8
   320 | D:1      | Learned a level 2 spell: Searing Ray
   621 | D:1      | Reached skill level 5 in Conjurations
   736 | D:1      | Reached XP level 3. HP: 19/19 MP: 7/10
  2103 | D:3      | Found a hide-covered altar of Uskayaw.
  2103 | D:3      | Noticed a dagger
  2104 | D:3      | Noticed a hand axe
  2154 | D:3      | Found a sparkling altar of Nemelex Xobeh.
  2257 | D:3      | Reached XP level 4. HP: 24/24 MP: 9/12
  2465 | D:3      | Reached skill level 6 in Conjurations
  2937 | D:3      | Found a white marble altar of Elyvilon.
  3331 | D:4      | Reached XP level 5. HP: 28/28 MP: 10/14
  3752 | D:4      | Reached skill level 5 in Spellcasting
  3752 | D:4      | Reached skill level 7 in Conjurations
  3909 | D:5      | Entered Level 5 of the Dungeon
  3923 | D:4      | Reached XP level 6. HP: 14/32 MP: 3/15
  4492 | D:5      | Slain by a worker ant

Skill      XL: |  1  2  3  4  5 |
---------------+----------------+-----
Conjurations   | 5 6 7 |  7.8
Spellcasting   | 4 5 |  5.8
Dodging        | |  2.4
Stealth        | |  2.4

Action                   |  1- 3 |  4- 6 || total
-------------------------+-------+-------++-------
Melee: Unarmed           |     2 |     8 ||    10
 Cast: Magic Dart        |    99 |    97 ||   196
       Searing Ray       |       |     5 ||     5
  Use: Potion            |       |     6 ||     6
  Eat: Chunk             |     3 |     8 ||    11
Armor: Robe              |    20 |     5 ||    25
Dodge: Dodged            |    50 |    38 ||    88
